 Dungeon Crawl Stone Soup version 0.21-a0-444-g29a2fec (webtiles) character file.

181 slep the Slasher (level 5, -3/42 HPs)
             Began as a Demonspawn Monk on Nov 18, 2017.
             Killed by divine providence
             ... invoked by an orc priest
              (8 damage)
             ... on level 4 of the Dungeon.
             The game lasted 00:11:14 (2640 turns).

slep the Slasher (Demonspawn Monk)                  Turns: 2640, Time: 00:11:15

Health: -3/42      AC: 11    Str: 11    XL:     5   Next: 34%
Magic:  0/5        EV: 10    Int: 12    God:
Gold:   181        SH:  0    Dex: 16    Spells: 4/4 levels left

rFire    + . .     SeeInvis .   t - +0 flail (curse)
rCold    . . .     Gourm    .   (no shield)
rNeg     . . .     Faith    .   y - +1 scale mail {rF+}
rPois    .         Spirit   +   (helmet restricted)
rElec    .         Reflect  .   l - scarf {Spirit}
rCorr    .         Harm     .   r - +0 pair of gloves (curse)
MR       .....                  x - +2 pair of boots
Stlth    ++........             u - amulet of regeneration
HPRegen  0.54/turn              n - ring of stealth
MPRegen  0.09/turn              C - ring of wizardry

@: no status effects
A: antennae 1, powered by pain 1
a: no special abilities


You were on level 4 of the Dungeon.
You were not hungry.

You visited 1 branch of the dungeon, and saw 4 of its levels.

You collected 181 gold pieces.

Inventory:

Hand Weapons
 a - a +0 falchion
 t - a cursed +0 flail (weapon)
Missiles
 o - 11 tomahawks (quivered)
Armour
 b - a +0 robe
 j - a +0 ring mail
 l - a scarf of spirit shield (worn)
 r - a cursed +0 pair of gloves (worn)
 x - a +2 pair of boots (worn)
 y - a +1 scale mail of fire resistance (worn)
 I - a +1 pair of boots
Jewellery
 n - a ring of stealth (left hand)
 u - an amulet of regeneration (around neck)
 C - a ring of wizardry (right hand)
 D - an uncursed ring of see invisible {unknown}
Scrolls
 d - 4 scrolls of teleportation {unknown}
 e - a scroll of remove curse {unknown}
 g - 7 scrolls of identify {unknown}
 h - a scroll of fear {unknown}
 i - a scroll of immolation {unknown}
 k - 3 scrolls of amnesia {unknown}
 m - a scroll of fog {unknown}
 w - a scroll of enchant weapon {unknown}
 H - a scroll of noise {unknown}
Potions
 f - 2 potions of brilliance {unknown}
 p - a potion of ambrosia {unknown}
 s - a potion of resistance {unknown}
 v - a potion of degeneration {unknown}
 z - a potion of flight {unknown}
 B - a potion of mutation {unknown}
 E - a potion of invisibility {unknown}
Comestibles
 c - 3 bread rations
 q - 3 royal jellies
 A - 2 meat rations
 F - a fruit
 G - 2 chunks of flesh


   Skills:
 + Level 3.6 Fighting
 + Level 3.9 Long Blades
 + Level 0.2 Maces & Flails
 + Level 1.5 Armour
 + Level 3.4 Dodging
 + Level 2.3 Stealth


You had 4 spell levels left.
You didn't know any spells.

Dungeon Overview and Level Annotations

Branches:
Dungeon (4/15)
 Temple: D:4-7

Altars:
Ashenzari
Dithmenos
Fedhas
Kikubaaqudgha
Qazlal
Ru
Uskayaw


Innate Abilities, Weirdness & Mutations

You have a pair of small antennae on your head.
You sometimes gain a little power by taking damage.


Message History

The orc priest completely misses you.
The orc wizard gestures at you while chanting.
You resist with some effort. The orc priest hits you.
You barely miss the orc priest. The orc priest hits you.
The orc priest barely misses you.
You barely miss the orc priest.
The orc priest calls down the wrath of Beogh upon you.
Pain shoots through your body!
The orc wizard hits you but does no damage.
The orc priest hits you. x2
The orc wizard hits you but does no damage.
The orc priest calls down the wrath of Beogh upon you.
Pain shoots through your body!
You focus on the pain.
You feel your power returning.
The orc priest calls down the wrath of Beogh upon you.
Beogh smites you!
* * * LOW HITPOINT WARNING * * *
The orc priest mumbles some strange prayers to Beogh against you.
Beogh smites you!
You die...

...........# ..
...........# #..#.. #.#
...........##..# ..###.#
...........#...# #..#..##
...............###.......
........o.......##..##..#
.......oo...............#
..............(.........#
........@.....##.........
............####.....###.
.....$......# #....#####
............# #...#..###
.........#..###...###....
.......##....##...# ##...
#.................###....
#.......##).......#..#..
##.....##..#........###.


You could see 2 orc priests and an orc wizard.

Vanquished Creatures
  An orc wizard (D:3)
  A worker ant (D:4)
  4 adders
  4 worms
  2 dart slugs
  2 leopard geckos
  6 orcs
  2 giant cockroaches (D:2)
  8 goblins
  10 hobgoblins
  2 jackals (D:4)
  4 quokkas
  6 bats
  3 frilled lizards
  8 kobolds
  7 rats
70 creatures vanquished.

Notes
Turn   | Place    | Note
-------+----------+-------------------------------------------
     0 | D:1      | slep the Demonspawn Monk began the quest for the Orb.
     0 | D:1      | Reached XP level 1. HP: 18/18 MP: 1/1
   222 | D:1      | Gained mutation: You have a pair of small antennae on your head. [demonic ancestry]
   222 | D:1      | Reached XP level 2. HP: 20/24 MP: 2/2
   683 | D:2      | Reached XP level 3. HP: 24/29 MP: 0/3
  1076 | D:2      | Reached XP level 4. HP: 19/35 MP: 2/4
  1521 | D:3      | Reached skill level 1 in Armour
  1707 | D:3      | Found an ancient bone altar of Kikubaaqudgha.
  1708 | D:3      | Found a sacrificial altar of Ru.
  1725 | D:3      | Found a shattered altar of Ashenzari.
  1901 | D:3      | Gained mutation: You sometimes gain a little power by taking damage. [demonic ancestry]
  1901 | D:3      | Reached XP level 5. HP: 41/41 MP: 5/5
  2052 | D:3      | Found a blossoming altar of Fedhas.
  2052 | D:3      | Found a stormy altar of Qazlal.
  2054 | D:3      | Found a shadowy altar of Dithmenos.
  2062 | D:3      | Found a hide-covered altar of Uskayaw.
  2640 | D:4      | Killed from afar by an orc priest

Vault maps used:
D:1:      dpeg_arrival_short_road
D:2:      serial_bayou_pond_e, grunt_decor_arrowhead
D:3:      minitemple, overflow_temple_1_default, grunt_temple_overflow_open,
          interstate_on_off

Skill      XL: |  1  2  3  4 |
---------------+-------------+-----
Dodging        | 3 |  3.4
Long Blades    | 3 |  3.9
Stealth        | 2 |  2.3
Armour         | 1 |  1.5
Fighting       | |  3.6
Maces & Flails | |  0.2

Action                   |  1- 3 |  4- 6 || total
-------------------------+-------+-------++-------
Melee: Falchion          |   133 |    76 ||   209
       Flail             |       |    61 ||    61
 Stab: Sleeping          |     4 |     2 ||     6
  Eat: Chunk             |     1 |     5 ||     6
Armor: Robe              |     4 |       ||     4
       Ring mail         |    39 |     5 ||    44
       Scale mail        |       |    68 ||    68
Dodge: Dodged            |    92 |    73 ||   165
       Rpst.: Falchion   |    35 |    15 ||    50

Table legend:
 A = Spawn XP
 B = Non-spawn XP
 C = Spawn XP percentage of total XP
 D = Spawn monster count
 E = Non-spawn monster count
 F = Spawn count percentage of total count
 G = Total turns spent on level
                    A         B        C        D         E        F      G
               +---------+---------+-------+---------+---------+-------+---------
         Total |       0 |     259 |   0.0 |       0 |      70 |   0.0 |  2640
               +---------+---------+-------+---------+---------+-------+---------
           D:1 |       0 |      32 |   0.0 |       0 |      20 |   0.0 |   648
           D:2 |       0 |      69 |   0.0 |       0 |      22 |   0.0 |   637
           D:3 |       0 |      98 |   0.0 |       0 |      21 |   0.0 |   927
           D:4 |       0 |      60 |   0.0 |       0 |       7 |   0.0 |   428
               +---------+---------+-------+---------+---------+-------+---------
